[Event "XII Paracin Festival 2019"]
[Site "Paracin"]
[Date "2019.07.09"]
[Round "5.6"]
[White "Martic, Ivan"]
[Black "Sanal, Vahap"]
[Result "1-0"]
[ECO "A45"]
[WhiteElo "2392"]
[BlackElo "2520"]
[Annotator "ChessBase"]
[PlyCount "145"]
[EventDate "2019.07.05"]
[EventType "swiss"]
[EventCountry "SRB"]
[SourceTitle "playchess.com"]
[Source "ChessBase"]
[SourceQuality "1"]
[TimeControl "5400+30"]

1. d4 Nf6 2. Bg5 e6 3. e4 h6 4. Bxf6 Qxf6 5. c3 d6 6. Bd3 g5 7. Ne2 h5 8. O-O e5 9. Na3 h4 10. f3 Bg7 11. Qa4+ c6 12. Rad1 Nd7 13. Qb4 a5 14. Qb3 O-O 15. Nc4 Rd8 16. Ne3 a4 17. Qc2 Nf8 18. Bc4 Ng6 19. a3 Re8 20. Ba2 Kh8 21. Qd2 Bf8 22. Rf2 b6 23. g3 Ba6 24. Bc4 b5 25. Ba2 Rad8 26. d5 c5 27. c4 Rb8 28. cxb5 Bxb5 29. Nc3 Bd7 30. Bc4 Rb7 31. Qe2 Reb8 32. Rd2 Be7 33. Ba6 Rb6 34. Bd3 Bd8 35. Qd1 Ra8 36. Qf1 Rbb8 37. Bb5 Bxb5 38. Nxb5 c4 39. Qxc4 Bb6 40. Nf5 Rc8 41. Qf1 Bxf2+ 42. Rxf2 Ra6 43. Qd1 Qd8 44. Kg2 Kg8 45. Rc2 Rb8 46. Qc1 Kh7 47. Nc7 Rab6 48. Kh3 R6b7 49. Na6 Ra8 50. Rc6 Rd7 51. Nc7 Rb8 52. Na6 Rb3 53. Kg4 Qg8 54. Qxg5 Ne7 55. Qxg8+ Kxg8 56. Nxe7+ Rxe7 57. Rxd6 hxg3 58. hxg3 Rxb2 59. Nc5 Ra7 60. Rc6 Rc2 61. d6 Rc3 62. f4 exf4 63. gxf4 Kh7 64. Kf5 Ra8 65. e5 Rxa3 66. d7 Rg3 67. Nxa4 Rd8 68. Nc5 Rc3 69. e6 fxe6+ 70. Nxe6 Rxc6 71. Nxd8 Rc5+ 72. Kf6 Rc4 73. Ne6 1-0

[Event "XII Paracin Festival 2019"]
[Site "Paracin"]
[Date "2019.07.09"]
[Round "5.7"]
[White "Lorparizangeneh, Shahin"]
[Black "Tanriverdi, Enes"]
[Result "1-0"]
[ECO "E73"]
[WhiteElo "2494"]
[BlackElo "2374"]
[Annotator "ChessBase"]
[PlyCount "59"]
[EventDate "2019.07.05"]
[EventType "swiss"]
[EventCountry "SRB"]
[SourceTitle "playchess.com"]
[Source "ChessBase"]
[SourceQuality "1"]
[TimeControl "5400+30"]

1. c4 Nf6 2. Nc3 g6 3. d4 Bg7 4. e4 d6 5. Be2 O-O 6. Bg5 c5 7. d5 e6 8. Qd2 exd5 9. exd5 Qb6 10. Rd1 Bf5 11. f3 h5 12. h3 Re8 13. g4 Bd7 14. Kf1 Na6 15. Rh2 Re5 16. Bxf6 Bxf6 17. f4 Re7 18. gxh5 Kg7 19. Bg4 Qb4 20. Qd3 Rae8 21. Bxd7 Re3 22. a3 Qb3 23. Ba4 Qb6 24. Qd2 Bxc3 25. bxc3 R8e4 26. Bc2 Rxf4+ 27. Rf2 Rxf2+ 28. Qxf2 Rxc3 29. h6+ Kxh6 30. Qd2+ 1-0

[Event "XII Paracin Festival 2019"]
[Site "Paracin"]
[Date "2019.07.09"]
[Round "5.8"]
[White "Stojanovic, Mihajlo"]
[Black "Chen, Peng"]
[Result "1/2-1/2"]
[ECO "A33"]
[WhiteElo "2483"]
[BlackElo "2328"]
[Annotator "ChessBase"]
[PlyCount "40"]
[EventDate "2019.07.05"]
[EventType "swiss"]
[EventCountry "SRB"]
[SourceTitle "playchess.com"]
[Source "ChessBase"]
[SourceQuality "1"]
[TimeControl "5400+30"]

1. Nf3 Nf6 2. c4 c5 3. Nc3 Nc6 4. d4 cxd4 5. Nxd4 e6 6. e3 Be7 7. Be2 O-O 8. O-O a6 9. b3 b6 10. Bf3 Bb7 11. Bb2 Qc7 12. Nxc6 Bxc6 13. Rc1 Bxf3 14. Qxf3 Qc6 15. Rfd1 Qxf3 16. gxf3 Rfd8 17. Kf1 Rab8 18. Ke2 Kf8 19. h3 h6 20. Ne4 Nxe4 1/2-1/2

[Event "XII Paracin Festival 2019"]
[Site "Paracin"]
[Date "2019.07.09"]
[Round "5.9"]
[White "Petrov, Martin"]
[Black "Apaydin, Fethi"]
[Result "1-0"]
[ECO "B41"]
[WhiteElo "2480"]
[BlackElo "2310"]
[Annotator "ChessBase"]
[PlyCount "109"]
[EventDate "2019.07.05"]
[EventType "swiss"]
[EventCountry "SRB"]
[SourceTitle "playchess.com"]
[Source "ChessBase"]
[SourceQuality "1"]
[TimeControl "5400+30"]

1. e4 c5 2. Nf3 e6 3. d4 cxd4 4. Nxd4 a6 5. c4 Nf6 6. Nc3 Qc7 7. a3 b6 8. Be3 Bb7 9. f3 d6 10. Rc1 Be7 11. Be2 Nbd7 12. O-O O-O 13. b4 Rac8 14. Qd2 Qb8 15. Rfd1 Rfe8 16. Kh1 Bd8 17. Nb3 Bc7 18. Bf4 Ne5 19. Bxe5 dxe5 20. c5 b5 21. a4 bxa4 22. Nxa4 Bc6 23. Nb2 Red8 24. Qc3 Rd4 25. Nc4 Rxd1+ 26. Rxd1 Bb5 27. Bf1 Nh5 28. Kg1 f5 29. Ne3 fxe4 30. fxe4 Nf6 31. Bc4 Nxe4 32. Bxe6+ Kh8 33. Qc2 Re8 34. Qxe4 Rxe6 35. Nd5 Re8 36. Nd2 Bc6 37. Nf3 Qd8 38. h4 h6 39. h5 Bxd5 40. Rxd5 Qf6 41. Rd7 Re7 42. Rd2 Qf4 43. Qxf4 exf4 44. Nh4 Kg8 45. Ng6 Re4 46. Rd7 Be5 47. Nxe5 Rxe5 48. c6 Re1+ 49. Kf2 Rc1 50. c7 Kh7 51. Kf3 Rc4 52. Re7 a5 53. bxa5 Rc3+ 54. Kxf4 Ra3 55. Rxg7+ 1-0

[Event "XII Paracin Festival 2019"]
[Site "Paracin"]
[Date "2019.07.09"]
[Round "5.10"]
[White "Lee, Jun Hyeok"]
[Black "Peng, Xiongjian"]
[Result "0-1"]
[ECO "B07"]
[WhiteElo "2383"]
[BlackElo "2467"]
[Annotator "ChessBase"]
[PlyCount "92"]
[EventDate "2019.07.05"]
[EventType "swiss"]
[EventCountry "SRB"]
[SourceTitle "playchess.com"]
[Source "ChessBase"]
[SourceQuality "1"]
[TimeControl "5400+30"]

1. d4 d6 2. e4 Nf6 3. Nc3 g6 4. Bg5 Bg7 5. Qd2 h6 6. Bh4 O-O 7. f4 c6 8. Bd3 b5 9. a3 Re8 10. Nf3 Bg4 11. O-O Qb6 12. e5 Nd5 13. Rae1 Nd7 14. Nxd5 cxd5 15. Qe3 e6 16. Bf2 a5 17. Nh4 Qc6 18. h3 Bf5 19. Nxf5 exf5 20. g4 fxg4 21. hxg4 Nb6 22. b3 a4 23. f5 dxe5 24. dxe5 Nd7 25. e6 fxe6 26. fxg6 e5 27. Bf5 e4 28. Bg3 Ne5 29. Bxe5 Rxe5 30. g5 Rf8 31. Qh3 e3 32. Re2 Rfxf5 33. Rxf5 Qe6 34. Rxe5 Qxh3 35. Re8+ Bf8 36. R2xe3 Qxe3+ 37. Rxe3 Bc5 38. bxa4 Bxe3+ 39. Kg2 bxa4 40. gxh6 Bc5 41. Kf3 Bxa3 42. c4 dxc4 43. Ke2 Bc1 44. h7+ Kg7 45. Kd1 Bb2 46. Kc2 Bd4 0-1

[Event "XII Paracin Festival 2019"]
[Site "Paracin"]
[Date "2019.07.09"]
[Round "5.11"]
[White "Stankovic, Milos"]
[Black "Koksal, Ege"]
[Result "1/2-1/2"]
[ECO "C42"]
[WhiteElo "2462"]
[BlackElo "2368"]
[Annotator "ChessBase"]
[PlyCount "117"]
[EventDate "2019.07.05"]
[EventType "swiss"]
[EventCountry "SRB"]
[SourceTitle "playchess.com"]
[Source "ChessBase"]
[SourceQuality "1"]
[TimeControl "5400+30"]

1. e4 e5 2. Nf3 Nf6 3. Nxe5 d6 4. Nf3 Nxe4 5. Bd3 Nf6 6. O-O Be7 7. h3 O-O 8. c3 d5 9. Bc2 Bd6 10. d4 h6 11. Re1 Re8 12. Nbd2 Nbd7 13. Nf1 Rxe1 14. Qxe1 Qe8 15. Qxe8+ Nxe8 16. Ne3 Ndf6 17. Ne5 c6 18. Nf5 Bf8 19. Bf4 Nd6 20. Ne3 Be6 21. Re1 Re8 22. f3 Nd7 23. Nd3 Nb6 24. Ne5 Nd7 25. Bg3 Be7 26. Kf1 Nf8 27. N3g4 h5 28. Ne3 f6 29. Ng6 Nxg6 30. Bxg6 Bf7 31. Nxd5 cxd5 32. Bxd6 Bxg6 33. Bxe7 Kf7 34. Bd6 Rxe1+ 35. Kxe1 Bb1 36. a3 Bc2 37. Kd2 Bb3 38. h4 Ke6 39. Bf8 Kf7 40. Bc5 b6 41. Bd6 Ke6 42. Bb8 a6 43. g4 g6 44. Ke3 b5 45. Kf4 Bc4 46. Bc7 Bb3 47. Bd8 Bc4 48. g5 f5 49. Bc7 Bb3 50. Be5 Bc4 51. Ke3 Kd7 52. Kd2 a5 53. Kc2 a4 54. f4 Kc8 55. Kd2 Kd7 56. Kc2 Kc8 57. Kd2 Kd7 58. Kc2 Kc8 59. Kd2 1/2-1/2

[Event "XII Paracin Festival 2019"]
[Site "Paracin"]
[Date "2019.07.09"]
[Round "5.12"]
[White "Abramovic, Bosko"]
[Black "Song, Raymond"]
[Result "0-1"]
[ECO "E68"]
[WhiteElo "2373"]
[BlackElo "2456"]
[Annotator "ChessBase"]
[PlyCount "112"]
[EventDate "2019.07.05"]
[EventType "swiss"]
[EventCountry "SRB"]
[SourceTitle "playchess.com"]
[Source "ChessBase"]
[SourceQuality "1"]
[TimeControl "5400+30"]

1. d4 Nf6 2. Nf3 g6 3. g3 Bg7 4. Bg2 O-O 5. O-O d6 6. c4 Nbd7 7. Nc3 e5 8. e4 exd4 9. Nxd4 Re8 10. h3 Nc5 11. Re1 Bd7 12. b4 Ne6 13. Be3 a5 14. b5 Nc5 15. f3 Qc8 16. Kh2 h5 17. h4 Nh7 18. Qd2 Be5 19. Rad1 Qd8 20. Bf4 a4 21. Bh3 Bxh3 22. Kxh3 c6 23. Kg2 Qc8 24. Nce2 Nf8 25. Rb1 Nfd7 26. Nc2 a3 27. Red1 Ra4 28. Ne3 Ra8 29. Nc2 Ne6 30. Be3 Ndc5 31. Ned4 Na4 32. Nxa3 Nc3 33. Qxc3 c5 34. Nac2 cxd4 35. Nxd4 d5 36. Rd2 dxe4 37. fxe4 Nc5 38. Qc2 Bxg3 39. Nf5 gxf5 40. Bxc5 Qxc5 41. Rd5 Qc7 42. Rxf5 Bxh4 43. Rb3 Re6 44. Kh3 Be7 45. c5 Rg6 46. Rbf3 h4 47. e5 Qd7 48. Qc4 Rf8 49. a4 Qd1 50. Qf1 Qxa4 51. e6 Qg4+ 52. Kh2 Rxe6 53. Rxf7 Rxf7 54. Rxf7 Bxc5 55. Rf4 Qg3+ 56. Kh1 Re1 0-1

[Event "XII Paracin Festival 2019"]
[Site "Paracin"]
[Date "2019.07.09"]
[Round "5.13"]
[White "Baglan, Esat"]
[Black "Cabarkapa, Novak"]
[Result "1/2-1/2"]
[ECO "B01"]
[WhiteElo "2336"]
[BlackElo "2444"]
[Annotator "NA"]
[PlyCount "153"]
[EventDate "2019.07.05"]
[EventType "swiss"]
[EventCountry "SRB"]
[SourceTitle "playchess.com"]
[Source "ChessBase"]
[SourceQuality "1"]
[TimeControl "5400+30"]

1. e4 d5 2. exd5 Qxd5 3. Nc3 Qd8 4. d4 Nf6 5. Nf3 g6 6. Bc4 Bg7 7. Ne5 O-O 8. O-O a6 9. Re1 b5 10. Bb3 Bb7 11. Bg5 Nc6 12. Nxc6 Bxc6 13. d5 Bb7 14. Qd2 Qd7 15. Ne4 Nxe4 16. Rxe4 e6 17. Bh6 Bxh6 18. Qxh6 Bxd5 19. Rd1 c6 20. Rd3 f5 21. Re1 Rfe8 22. Rde3 c5 23. Bxd5 exd5 24. h4 d4 25. Re5 Rxe5 26. Rxe5 Re8 27. Qf4 Rxe5 28. Qxe5 c4 29. Qb8+ Kg7 30. Qe5+ Kf7 31. Qh8 Ke6 32. Kf1 Kd5 33. Qg8+ Kc6 34. Ke1 Kb7 35. g3 Qe7+ 36. Kd1 Kb6 37. Qd5 Qf6 38. a4 d3 39. axb5 dxc2+ 40. Kxc2 axb5 41. b3 cxb3+ 42. Kxb3 Qe7 43. Qd4+ Kc6 44. Qc3+ Qc5 45. Qf6+ Qd6 46. Qc3+ Kb6 47. Qe3+ Qc5 48. Qe6+ Ka5 49. Qe1+ Kb6 50. Qe6+ Qc6 51. Qe3+ Ka6 52. Qd4 Qe6+ 53. Ka3 h5 54. Kb2 Qb6 55. Qd2 Qf6+ 56. Kb3 Qe5 57. f4 Qe6+ 58. Ka3 Qc6 59. Kb2 Kb7 60. Qd4 Qg2+ 61. Kb3 Qf3+ 62. Kb2 Qe2+ 63. Kb3 Kc6 64. Qf6+ Kd7 65. Qd4+ Kc6 66. Qf6+ Kc5 67. Qxg6 Qd3+ 68. Kb2 b4 69. Qf7 Kd4 70. Qe8 Qc3+ 71. Kb1 Qd3+ 72. Kb2 Qd2+ 73. Kb1 Kc3 74. Qc8+ Kd4 75. Qxf5 Qe1+ 76. Kb2 Qxg3 77. Qe5+ 1/2-1/2

[Event "XII Paracin Festival 2019"]
[Site "Paracin"]
[Date "2019.07.09"]
[Round "5.14"]
[White "Froewis, Georg"]
[Black "Nandhidhaa, P V"]
[Result "1-0"]
[ECO "A46"]
[WhiteElo "2434"]
[BlackElo "2259"]
[Annotator "NA"]
[PlyCount "107"]
[EventDate "2019.07.05"]
[EventType "swiss"]
[EventCountry "SRB"]
[SourceTitle "playchess.com"]
[Source "ChessBase"]
[SourceQuality "1"]
[TimeControl "5400+30"]

1. d4 Nf6 2. Nf3 d5 3. Nbd2 e6 4. e3 c5 5. c3 Be7 6. Bd3 O-O 7. O-O b6 8. Qe2 Bb7 9. b3 Nbd7 10. Bb2 Rc8 11. c4 Ne4 12. cxd5 exd5 13. Rac1 Bf6 14. Ne5 g6 15. Nxe4 dxe4 16. Bb5 Nxe5 17. dxe5 Bg7 18. Rcd1 Qg5 19. Rd7 Bc6 20. Bxc6 Rxc6 21. f4 exf3 22. Qxf3 Rcc8 23. Rxf7 Rxf7 24. Qxf7+ Kh8 25. Rf4 Qd8 26. Qb7 Rc7 27. Qf3 Kg8 28. Qe4 Re7 29. Qc4+ Kh8 30. Rf7 Qd1+ 31. Rf1 Qd8 32. Qh4 Kg8 33. h3 Qd7 34. Qe4 Qe8 35. Qd5+ Kh8 36. Rf6 Bxf6 37. exf6 Rf7 38. e4 Kg8 39. e5 Qd7 40. Qc4 Kf8 41. e6 Qd1+ 42. Qf1 Qxf1+ 43. Kxf1 Rc7 44. Bc1 Rc8 45. Bh6+ Ke8 46. Ke2 b5 47. Kd3 a6 48. Kc3 Ra8 49. Bf4 Kf8 50. Bd6+ Kg8 51. Bxc5 a5 52. a4 bxa4 53. bxa4 Rc8 54. Kc4 1-0

[Event "XII Paracin Festival 2019"]
[Site "Paracin"]
[Date "2019.07.09"]
[Round "5.15"]
[White "Maksimovic, Bojan"]
[Black "Lajthajm, Borko"]
[Result "0-1"]
[ECO "B07"]
[WhiteElo "2326"]
[BlackElo "2424"]
[Annotator "NA"]
[PlyCount "42"]
[EventDate "2019.07.05"]
[EventType "swiss"]
[EventCountry "SRB"]
[SourceTitle "playchess.com"]
[Source "ChessBase"]
[SourceQuality "1"]
[TimeControl "5400+30"]

1. e4 d6 2. d4 Nf6 3. Nc3 c6 4. f4 Qa5 5. Bd2 Qb6 6. Nf3 Bg4 7. h3 Bxf3 8. Qxf3 Qxd4 9. O-O-O Nbd7 10. g4 h6 11. Be3 Qb4 12. e5 dxe5 13. fxe5 Nxe5 14. Qg3 Nfd7 15. Bf4 f6 16. Bxe5 Nxe5 17. Bd3 e6 18. a3 Qa5 19. Rhe1 O-O-O 20. Ne4 Be7 21. Bf1 Rd5 0-1

[Event "XII Paracin Festival 2019"]
[Site "Paracin"]
[Date "2019.07.09"]
[Round "5.16"]
[White "Risteski, Emil"]
[Black "Ratkovic, Miloje"]
[Result "0-1"]
[ECO "B19"]
[WhiteElo "2150"]
[BlackElo "2416"]
[Annotator "NA"]
[PlyCount "110"]
[EventDate "2019.07.05"]
[EventType "swiss"]
[EventCountry "SRB"]
[SourceTitle "playchess.com"]
[Source "ChessBase"]
[SourceQuality "1"]
[TimeControl "5400+30"]

1. e4 c6 2. d4 d5 3. Nc3 dxe4 4. Nxe4 Bf5 5. Ng3 Bg6 6. h4 h6 7. Nf3 Nd7 8. h5 Bh7 9. Bd3 Bxd3 10. Qxd3 e6 11. Bd2 Ngf6 12. O-O-O Qc7 13. Kb1 O-O-O 14. Ne4 Nc5 15. Nxc5 Bxc5 16. c3 Bd6 17. Qe2 Rhe8 18. c4 c5 19. Bc3 cxd4 20. Nxd4 a6 21. Nb3 Qc6 22. f3 e5 23. Nd2 Bc5 24. Rh4 Qd7 25. Kc2 Bd4 26. Bxd4 exd4 27. Ne4 Nxe4 28. Rxe4 Rxe4 29. fxe4 Qe6 30. Qd3 Kb8 31. Kb1 Ka8 32. c5 Qc6 33. Rc1 Re8 34. Qxd4 Qxe4+ 35. Qxe4 Rxe4 36. c6 Kb8 37. cxb7 Kxb7 38. Rd1 Kc6 39. Rc1+ Kb6 40. Rd1 Rg4 41. Rd7 f6 42. Kc2 Rxg2+ 43. Kc3 Rg4 44. Rf7 a5 45. a3 a4 46. b4 Rg3+ 47. Kc4 Rxa3 48. Rxg7 Ra1 49. b5 Rh1 50. Rg6 Rh4+ 51. Kc3 Rxh5 52. Rxf6+ Kxb5 53. Rf4 Rh3+ 54. Kb2 a3+ 55. Ka2 h5 0-1

[Event "XII Paracin Festival 2019"]
[Site "Paracin"]
[Date "2019.07.09"]
[Round "5.17"]
[White "Kanov, Nikola"]
[Black "Gadimbayli, Abdulla"]
[Result "0-1"]
[ECO "B01"]
[WhiteElo "1908"]
[BlackElo "2414"]
[Annotator "NA"]
[PlyCount "88"]
[EventDate "2019.07.05"]
[EventType "swiss"]
[EventCountry "SRB"]
[SourceTitle "playchess.com"]
[Source "ChessBase"]
[SourceQuality "1"]
[TimeControl "5400+30"]

1. e4 d5 2. exd5 Qxd5 3. Nc3 Qd6 4. d4 Nf6 5. Bc4 Bg4 6. f3 Bf5 7. Nge2 e6 8. Bf4 Qb4 9. Bb3 c6 10. O-O Na6 11. Qe1 Be7 12. a3 Qb6 13. Na4 Qd8 14. Rd1 b5 15. Nac3 O-O 16. Ng3 Bg6 17. Nce4 Nd5 18. Be3 f5 19. Nc3 f4 20. Bxd5 exd5 21. Bxf4 Rxf4 22. Qe6+ Bf7 23. Qxc6 Nc7 24. Nxb5 Nxb5 25. Qxb5 Rb8 26. Qd3 Rxb2 27. Qc3 Rb6 28. Rfe1 Rff6 29. Re2 Rfc6 30. Qe3 Re6 31. Qc3 Rbc6 32. Qb3 Qb6 33. Rxe6 Rxe6 34. Qc3 Bf6 35. a4 Rc6 36. Qe3 Rxc2 37. Ne2 Qb2 38. Kf1 h6 39. a5 Qa2 40. Qd3 Qc4 41. Qe3 Qb5 42. a6 Qxa6 43. Rb1 Bxd4 44. Qe7 Bf6 0-1

[Event "XII Paracin Festival 2019"]
[Site "Paracin"]
[Date "2019.07.09"]
[Round "5.18"]
[White "Djordjevic, Vuk"]
[Black "Gan-Od, Sereenen"]
[Result "1/2-1/2"]
[ECO "A45"]
[WhiteElo "2412"]
[BlackElo "2294"]
[Annotator "NA"]
[PlyCount "74"]
[EventDate "2019.07.05"]
[EventType "swiss"]
[EventCountry "SRB"]
[SourceTitle "playchess.com"]
[Source "ChessBase"]
[SourceQuality "1"]
[TimeControl "5400+30"]

1. d4 Nf6 2. Bg5 d5 3. Bxf6 exf6 4. e3 f5 5. c4 dxc4 6. Bxc4 Bd6 7. Nc3 O-O 8. Nf3 a6 9. O-O Nd7 10. Be2 Nf6 11. Ne5 Qe7 12. Nc4 Be6 13. Nxd6 cxd6 14. Qd3 Rac8 15. Rfc1 g6 16. b3 Rc7 17. Bf3 Rfc8 18. Qd2 b5 19. h3 h5 20. Ne2 Bd5 21. Bxd5 Nxd5 22. Rxc7 Rxc7 23. Rc1 b4 24. Rc4 a5 25. Qc2 Rxc4 26. bxc4 Qc7 27. Nf4 Nxf4 28. exf4 a4 29. Kh2 d5 30. c5 Qxf4+ 31. Kg1 Qxd4 32. c6 Qa1+ 33. Kh2 Qe5+ 34. g3 Qc7 35. Qxa4 h4 36. Qa8+ Kg7 37. Qb7 hxg3+ 1/2-1/2

[Event "XII Paracin Festival 2019"]
[Site "Paracin"]
[Date "2019.07.09"]
[Round "5.19"]
[White "Perunovic, Milos"]
[Black "Peng, Shunkai"]
[Result "1-0"]
[ECO "B96"]
[WhiteElo "2597"]
[BlackElo "2300"]
[Annotator "ChessBase"]
[PlyCount "79"]
[EventDate "2019.07.05"]
[EventType "swiss"]
[EventCountry "SRB"]
[SourceTitle "playchess.com"]
[Source "ChessBase"]
[SourceQuality "1"]
[TimeControl "5400+30"]

1. e4 c5 2. Nf3 d6 3. d4 cxd4 4. Nxd4 Nf6 5. Nc3 a6 6. Bg5 e6 7. f4 h6 8. Bh4 Qb6 9. Qd2 Nc6 10. Bxf6 gxf6 11. Nb3 Bd7 12. O-O-O O-O-O 13. Be2 h5 14. Rhf1 Kb8 15. Rf3 h4 16. Kb1 Be7 17. Bf1 Rc8 18. Qe1 Rh6 19. a3 Qd8 20. Rfd3 Qf8 21. Na4 Qd8 22. Nbc5 Rc7 23. Nb6 Bc8 24. Rb3 Qe8 25. Nca4 Na7 26. Bxa6 Rg6 27. Bf1 Bd7 28. Nxd7+ Qxd7 29. Rd4 Nc8 30. Qa5 Bd8 31. Nc5 Rxc5 32. Qxc5 e5 33. Rd2 Bb6 34. Qc4 exf4 35. Rd5 Rg5 36. Rdb5 Qc7 37. Qb4 Rxb5 38. Qxb5 Qc5 39. Qxc5 Bxc5 40. Rf3 1-0

[Event "XII Paracin Festival 2019"]
[Site "Paracin"]
[Date "2019.07.09"]
[Round "5.20"]
[White "Svetushkin, Dmitry"]
[Black "Stefansson, Vignir Vatnar"]
[Result "1-0"]
[ECO "A80"]
[WhiteElo "2528"]
[BlackElo "2293"]
[Annotator "ChessBase"]
[PlyCount "57"]
[EventDate "2019.07.05"]
[EventType "swiss"]
[EventCountry "SRB"]
[SourceTitle "playchess.com"]
[Source "ChessBase"]
[SourceQuality "1"]
[TimeControl "5400+30"]

1. d4 f5 2. Nc3 Nf6 3. Bg5 d5 4. Bxf6 exf6 5. e3 Be6 6. Bb5+ c6 7. Bd3 Qb6 8. Rb1 Bb4 9. Nge2 Bd6 10. Na4 Qc7 11. b3 Nd7 12. c4 Qa5+ 13. Nac3 Bb4 14. Qc2 b5 15. cxb5 cxb5 16. a3 Bxc3+ 17. Qxc3 Qxc3+ 18. Nxc3 a6 19. a4 b4 20. Ne2 g6 21. Kd2 a5 22. Rbc1 Ke7 23. Rc6 Rhc8 24. Rhc1 Rxc6 25. Rxc6 Nb8 26. Rc7+ Bd7 27. Nf4 Kd6 28. Rb7 Nc6 29. Bb5 1-0

[Event "XII Paracin Festival 2019"]
[Site "Paracin"]
[Date "2019.07.09"]
[Round "5.21"]
[White "Savic, Miodrag R"]
[Black "Pastar, Slaven"]
[Result "1-0"]
[ECO "C50"]
[WhiteElo "2503"]
[BlackElo "2276"]
[Annotator "ChessBase"]
[PlyCount "127"]
[EventDate "2019.07.05"]
[EventType "swiss"]
[EventCountry "SRB"]
[SourceTitle "playchess.com"]
[Source "ChessBase"]
[SourceQuality "1"]
[TimeControl "5400+30"]

1. e4 e5 2. Nf3 Nc6 3. Bc4 Bc5 4. O-O Nf6 5. d3 O-O 6. h3 a6 7. Bb3 d6 8. c3 h6 9. Re1 Re8 10. Nbd2 Be6 11. Nf1 Bxb3 12. Qxb3 Qd7 13. Ng3 Rad8 14. Nh4 d5 15. Nhf5 Bb6 16. Be3 d4 17. cxd4 Nxd4 18. Nxd4 exd4 19. Bd2 Qb5 20. Qc2 Nd7 21. a4 Qc5 22. Qb3 a5 23. Rec1 Qe5 24. Qc4 Qe6 25. Bf4 c6 26. Nf5 Nc5 27. Ra3 Qxc4 28. Rxc4 Ne6 29. Bd2 Bc5 30. Ra1 b6 31. Rac1 Ra8 32. f4 Reb8 33. b3 Kh7 34. R1c2 Bb4 35. Bxb4 axb4 36. Rxc6 Nxf4 37. Rc7 Rf8 38. R2c6 Nxd3 39. Rxb6 Rad8 40. a5 Nb2 41. Rc2 Nd1 42. Rxb4 d3 43. Rd2 Nc3 44. Rc4 Nb1 45. Rd1 g6 46. Ne3 Na3 47. Rc3 d2 48. Nd5 Kg7 49. b4 Nb5 50. Rd3 Rfe8 51. R1xd2 Rxe4 52. Kf2 h5 53. Nc3 Rf4+ 54. Ke3 Rxd3+ 55. Rxd3 Rxb4 56. Nxb5 Rxb5 57. Ra3 Rb8 58. a6 g5 59. a7 Ra8 60. Ke4 Kg6 61. Ra6+ f6 62. g3 Re8+ 63. Kd5 Ra8 64. Ke4 1-0

[Event "XII Paracin Festival 2019"]
[Site "Paracin"]
[Date "2019.07.09"]
[Round "5.22"]
[White "Tadic, Stefan"]
[Black "Milanovic, Danilo"]
[Result "0-1"]
[ECO "B23"]
[WhiteElo "2262"]
[BlackElo "2492"]
[Annotator "ChessBase"]
[PlyCount "60"]
[EventDate "2019.07.05"]
[EventType "swiss"]
[EventCountry "SRB"]
[SourceTitle "playchess.com"]
[Source "ChessBase"]
[SourceQuality "1"]
[TimeControl "5400+30"]

1. e4 c5 2. Nc3 e6 3. Nf3 a6 4. g3 Nc6 5. Bg2 Nge7 6. O-O Nd4 7. Nxd4 cxd4 8. Ne2 Nc6 9. d3 Bc5 10. f4 O-O 11. f5 f6 12. g4 Ne5 13. Nf4 Qe7 14. h4 b5 15. g5 Bb7 16. Nh5 fxg5 17. Bxg5 Qf7 18. f6 g6 19. Nf4 Rfc8 20. Nh3 Bf8 21. Bf4 Qxf6 22. Ng5 h6 23. Nh3 Qg7 24. Bxe5 Qxe5 25. Qg4 Rxc2 26. Rf3 Bd6 27. Nf4 g5 28. Nh3 Rxb2 29. hxg5 Qh2+ 30. Kf1 h5 0-1

[Event "XII Paracin Festival 2019"]
[Site "Paracin"]
[Date "2019.07.09"]
[Round "5.23"]
[White "Vafin, Ayrat"]
[Black "Radovanovic, Nikola"]
[Result "1/2-1/2"]
[ECO "E62"]
[WhiteElo "2213"]
[BlackElo "2431"]
[Annotator "NA"]
[PlyCount "62"]
[EventDate "2019.07.05"]
[EventType "swiss"]
[EventCountry "SRB"]
[SourceTitle "playchess.com"]
[Source "ChessBase"]
[SourceQuality "1"]
[TimeControl "5400+30"]

1. d4 Nf6 2. Nf3 g6 3. g3 Bg7 4. Bg2 O-O 5. c4 d6 6. Nc3 c6 7. O-O Bf5 8. Nh4 Be6 9. d5 cxd5 10. cxd5 Bd7 11. Be3 Qa5 12. a3 Rc8 13. Bd4 Na6 14. b4 Qd8 15. Qd3 Ng4 16. Bxg7 Kxg7 17. Nf3 Qb6 18. Rac1 Rc7 19. h3 Ne5 20. Nxe5 dxe5 21. Na2 Rac8 22. Rxc7 Nxc7 23. Rc1 Nb5 24. Rxc8 Bxc8 25. a4 Nd6 26. Qc3 Qd4 27. e3 Qxc3 28. Nxc3 f5 29. f3 Kf6 30. Kf2 Bd7 31. Bf1 g5 1/2-1/2

[Event "XII Paracin Festival 2019"]
[Site "Paracin"]
[Date "2019.07.09"]
[Round "5.24"]
[White "Kosmidis, Ioannis"]
[Black "Harvey, Marcus R"]
[Result "0-1"]
[ECO "A40"]
[WhiteElo "2100"]
[BlackElo "2402"]
[Annotator "NA"]
[PlyCount "92"]
[EventDate "2019.07.05"]
[EventType "swiss"]
[EventCountry "SRB"]
[SourceTitle "playchess.com"]
[Source "ChessBase"]
[SourceQuality "1"]
[TimeControl "5400+30"]

1. d4 Nf6 2. c4 e6 3. g3 Bb4+ 4. Bd2 Be7 5. Bg2 d5 6. Nf3 dxc4 7. Qa4+ Nbd7 8. Qxc4 Rb8 9. Nc3 a6 10. a4 O-O 11. O-O Nb6 12. Qb3 Nbd5 13. Nxd5 exd5 14. Ne5 Be6 15. Bb4 Ne4 16. Bxe7 Qxe7 17. Rfd1 c6 18. Qa3 Qc7 19. Rac1 Nd6 20. b3 Rbd8 21. e3 Qb8 22. b4 Bf5 23. Qb3 Rfe8 24. Bf1 f6 25. Nd3 Bg4 26. Re1 Bf3 27. Nc5 Qc8 28. Bg2 Bxg2 29. Kxg2 Kh8 30. Qd3 Re7 31. Nb3 Qg4 32. Qe2 Qg6 33. Nd2 Rde8 34. Nf3 Qe4 35. Qc2 Qe6 36. Nd2 g6 37. Rb1 Kg7 38. Qd3 Qg4 39. h3 Qe6 40. Rbc1 g5 41. Nf3 Ne4 42. b5 axb5 43. axb5 Qxh3+ 44. Kg1 Nxg3 45. fxg3 Qxg3+ 46. Kh1 Qxf3+ 0-1

[Event "XII Paracin Festival 2019"]
[Site "Paracin"]
[Date "2019.07.09"]
[Round "5.25"]
[White "Liu, Zhaoqi"]
[Black "Pasti, Aron"]
[Result "1-0"]
[ECO "A22"]
[WhiteElo "2386"]
[BlackElo "2209"]
[Annotator "NA"]
[PlyCount "107"]
[EventDate "2019.07.05"]
[EventType "swiss"]
[EventCountry "SRB"]
[SourceTitle "playchess.com"]
[Source "ChessBase"]
[SourceQuality "1"]
[TimeControl "5400+30"]

1. c4 e5 2. Nc3 Nf6 3. g3 d5 4. cxd5 Nxd5 5. Bg2 Nb6 6. d3 Be7 7. Be3 Nc6 8. Bxc6+ bxc6 9. Nf3 Bd6 10. O-O O-O 11. Ne4 Nd5 12. Qc2 Bd7 13. Nc5 Bh3 14. Rfc1 Qe7 15. a3 Rfb8 16. Rab1 Rb5 17. Ne4 Bd7 18. Bg5 f6 19. Bd2 Rab8 20. b4 Be8 21. Kg2 Kh8 22. h4 R5b6 23. Nc5 Bxc5 24. Qxc5 Qxc5 25. Rxc5 Rb5 26. Rbc1 Rxc5 27. Rxc5 Rb5 28. Rc2 Kg8 29. g4 Kf8 30. Kg3 Ke7 31. e4 Nb6 32. d4 Kd6 33. dxe5+ fxe5 34. Be3 h6 35. h5 a5 36. Nh4 Ke6 37. Nf5 Kf7 38. bxa5 Rxa5 39. Bxb6 cxb6 40. Nd6+ Ke7 41. Nxe8 Rxa3+ 42. f3 Kxe8 43. Rxc6 Kf7 44. Rxb6 Ra1 45. Rg6 Ra3 46. g5 hxg5 47. Kg4 Rb3 48. Rxg5 Kf6 49. Rf5+ Ke6 50. Kg5 Rb7 51. Kg6 Ra7 52. Kh7 Rb7 53. Rg5 Rf7 54. Rg6+ {Kd5} 1-0